 Dungeon Crawl Stone Soup version 0.31-a0-750-gfe7b580527 (webtiles) character file.

Game seed: 10489476753821363115

1099 Newt the Trooper (level 8, -1/62 HPs)
             Began as a Demonspawn Gladiator on Sept 14, 2023.
             Was a Follower of Okawaru.
             Slain by a yak (7 damage)
             ... on level 7 of the Dungeon.
             The game lasted 00:06:14 (5853 turns).

Newt the Trooper (Demonspawn Gladiator)             Turns: 5853, Time: 00:06:15

Health: -1/62      AC:  8    Str: 16    XL:     8   Next: 10%
Magic:  8/8        EV: 13    Int: 11    God:    Okawaru [*.....]
Gold:   210        SH:  0    Dex: 14    Spells: 7/7 levels left

rFire   . . .        a - +0 rapier (freeze)
rCold   . . .        (no shield)
rNeg    . . .        b - +0 leather armour
rPois   +            c - +0 helmet
rElec   .            (no cloak)
rCorr   .            g - +1 pair of gloves
SInv    .            (no boots)
Will    +....        (no amulet)
Stlth   +            l - ring of willpower
HPRegen 0.30/turn    q - ring of poison resistance
MPRegen 0.11/turn

%: no passive effects
@: about to teleport
A: thin metallic scales 1, powered by pain 1, spiny 1, demonic touch 1
a: Renounce Religion, Heroism


You were on level 7 of the Dungeon.
You worshipped Okawaru.
Okawaru was aware of your devotion.
You visited 2 branches of the dungeon, and saw 7 of its levels.
You also visited: Sewer.

You collected 330 gold pieces.
You spent 120 gold pieces at shops.

Inventory:

Hand Weapons
 a - a +0 rapier of freezing (weapon)
Missiles
 d - 3 throwing nets
 f - 3 boomerangs (quivered)
 h - 33 poisoned darts
 r - 5 curare-tipped darts
 z - 4 atropa-tipped darts
Armour
 b - a +0 leather armour (worn)
 c - a +0 helmet (worn)
 g - a +1 pair of gloves (worn)
Jewellery
 l - a ring of willpower (left hand)
 q - a ring of poison resistance (right hand)
Scrolls
 i - 2 scrolls of immolation
 v - a scroll of fear
 x - a scroll of enchant armour
 y - a scroll of amnesia
Potions
 j - 4 potions of magic
 k - a potion of might
 m - 4 potions of curing
 n - 2 potions of heal wounds
 o - 3 potions of resistance
 p - a potion of berserk rage
 s - 2 potions of mutation
 t - 2 potions of degeneration
 u - a potion of invisibility
 A - a potion of ambrosia
 B - a potion of lignification


   Skills:
 - Level 5.0 Fighting
 - Level 4.0 Short Blades
 - Level 5.0 Throwing
 + Level 2.7 Armour
 - Level 5.0 Dodging


You had 7 spell levels left.
You didn't know any spells.
Your spell library was empty.

Dungeon Overview and Level Annotations

Branches:
Dungeon (5/15)             Temple (1/1) D:4           Sewer (visited)

Altars:
Dithmenos
Fedhas
Gozag
Hepliaklqana
Kikubaaqudgha
Makhleb
Nemelex Xobeh
Okawaru
Sif Muna
Trog
Uskayaw
Vehumet
Wu Jian
Yredelemnul

Shops:
D:5 !


Innate Abilities, Weirdness & Mutations

You are partially covered in thin metallic scales. (AC +2)
You sometimes gain a little power by taking damage.
You are partially covered in sharp spines.
Your touch may inflict minor irresistible damage on your foes.


Message History

You kill the kobold brigand!
Okawaru accepts your kill. The yak gores you but does no damage.
The orc hits you from afar with a +0 trident.
Unknown command.
The yak attacks as it pursues you! The yak gores you!
The yak attacks as it pursues you! The yak gores you!
A gnoll comes into view. It is wielding a +0 whip.
The gnoll shouts!
A gnoll sergeant comes into view. It is wielding a +0 spear.
The gnoll sergeant shouts!
The yak attacks as it pursues you! The yak gores you.
A gnoll comes into view. It is wielding a +0 spear.
A gnoll comes into view. It is wielding a +0 flail.
The gnoll shouts! x2
A gnoll comes into view. It is wielding a +0 club.
The yak attacks as it pursues you! The yak barely misses you.
Found 19 gold pieces.
The gnoll hits you but does no damage.
A gnoll comes into view. It is wielding a +0 whip.
The gnoll sergeant hits you from afar with a +0 spear.
As you read the scroll of teleportation, it crumbles to dust.
You feel strangely unstable. The gnoll barely misses you.
The gnoll sergeant hits you from afar with a +0 spear.
The yak gores you but does no damage.
Unknown command.
Unknown command.
You hit the yak. You freeze the yak.
The yak is lightly wounded.
The gnoll completely misses you. The gnoll sergeant barely misses you.
The yak is struck by your spines. The yak gores you!
* * * LOW HITPOINT WARNING * * *
Unknown command.
Unknown command.
You feel better. The gnoll is struck by your spines.
The gnoll hits you with a +0 whip.
* * * LOW HITPOINT WARNING * * *
The gnoll sergeant hits you from afar with a +0 spear.
* * * LOW HITPOINT WARNING * * *
The yak is struck by your spines. The yak gores you!
You die...

####### #.....# #.....#
#.....#########
#.....#.?......
#.....#........ .
#.Y...)))......
...g#####YY...#.)......
$..gggg@YYSo..#..Y.....
....#####.###..........
. (..# ###......(.
##... #........ ###.#
##...##.. .. ##.. . ###
...


You could see 5 yaks, a water moccasin, a gnoll sergeant, 4 gnolls and an orc.

Vanquished Creatures
  A water moccasin (D:5)
  An ogre (D:4)
  2 kobold brigands
  2 scorpions (D:4)
  2 howler monkeys (D:5)
  6 orc priests
  3 iguanas
  8 adders
  10 river rats
  3 ufetubi (D:5)
  3 worms
  6 dart slugs
  4 orcs
  7 endoplasms
  5 giant cockroaches
  6 goblins
  7 hobgoblins
  3 jackals (D:5)
  11 quokkas
  14 ball pythons
  4 bats
  3 frilled lizards
  21 kobolds
  23 rats
155 creatures vanquished.

Notes
Turn   | Place    | Note
-------+----------+-------------------------------------------
     0 | D:1      | Newt the Demonspawn Gladiator began the quest for the Orb.
     0 | D:1      | Reached XP level 1. HP: 16/16 MP: 1/1
   272 | D:1      | Gained mutation: You are partially covered in thin metallic
                  | scales. (AC +2) [demonic ancestry]
   272 | D:1      | Reached XP level 2. HP: 23/23 MP: 2/2
   726 | D:1      | Gained mutation: You are partially covered in sharp spines.
                  | [demonic ancestry]
   726 | D:1      | Reached XP level 3. HP: 29/29 MP: 3/3
  1492 | D:2      | Reached XP level 4. HP: 38/38 MP: 4/4
  1847 | D:3      | Found a glowing drain.
  1869 | Sewer    | Entered a sewer
  1967 | Sewer    | Reached skill level 5 in Fighting
  2340 | Sewer    | Noticed a kobold brigand
  2347 | Sewer    | Reached XP level 5. HP: 35/44 MP: 5/5
  3203 | D:3      | Reached XP level 6. HP: 40/51 MP: 6/6
  3587 | D:3      | Found a shadowy altar of Dithmenos.
  3939 | D:4      | Reached skill level 5 in Throwing
  4029 | D:4      | Found a staircase to the Ecumenical Temple.
  4066 | Temple   | Entered the Ecumenical Temple
  4073 | Temple   | Became a worshipper of Warmaster Okawaru
  4671 | D:4      | Gained mutation: You sometimes gain a little power by
                  | taking damage. [demonic ancestry]
  4671 | D:4      | Reached XP level 7. HP: 56/56 MP: 7/7
  4697 | D:4      | Found a bloodstained altar of Trog.
  4780 | D:4      | Found an ornate altar of the Wu Jian Council.
  4915 | D:5      | Entered Level 5 of the Dungeon
  5153 | D:5      | Found a radiant altar of Vehumet.
  5167 | D:5      | Reached * piety under Okawaru
  5168 | D:5      | Reached skill level 5 in Dodging
  5549 | D:5      | Found Yfutymu's Distillery.
  5571 | D:5      | Bought a potion of ambrosia for 80 gold pieces
  5571 | D:5      | Bought a potion of lignification for 30 gold pieces
  5571 | D:5      | Bought a potion of degeneration for 10 gold pieces
  5596 | D:5      | Reached skill level 1 in Armour
  5824 | D:5      | You fall into a shaft and drop 2 floors!
  5835 | D:7      | Noticed a yak
  5839 | D:7      | Gained mutation: Your touch may inflict minor irresistible
                  | damage on your foes. [demonic ancestry]
  5839 | D:7      | Reached XP level 8. HP: 44/62 MP: 8/8
  5853 | D:7      | Slain by a yak

Illustrated notes

Levels and vault maps discovered:
D:1:      roderic_dead_forest, layout_loops_corners, minmay_quantized
D:2:      layout_basic
D:3:      layout_loops_ring, general_overflow_altar, gup_sewer_entry_pipe,
          columned_hall_lemuel, saegor_snake_ambush
D:4:      layout_loops_cross, nzn_wu_jian_council_hall,
          trog_three_pillars_becter, minmay_temple_entry_overgrown
D:5:      wad_woods_stonehenge, layout_basic, serial_shops,
          nicolae_shop_industrial_runoff, st_stairs_1
D:7:      layout_rooms, chequers_garden
Temple:   nicolae_temple_ecumenical_triangle

Skill      XL: |  1  2  3  4  5  6  7  8 |
---------------+-------------------------+-----
Fighting       | 3 4 5 |  5.0
Throwing       | 2 4 5 |  5.0
Dodging        | 3 5 |  5.0
Short Blades   | 4 |  4.0
Armour         | 1 2 |  2.7

Action                     |  1- 3 |  4- 6 |  7- 9 || total
---------------------------+-------+-------+-------++-------
  Melee: Rapier            |   118 |   199 |    89 ||   406
         Punch             |       |     3 |       ||     3
         Touch             |       |       |     1 ||     1
  Throw: Boomerang         |       |    37 |    20 ||    57
         Javelin           |       |       |     2 ||     2
    Use: Scroll            |     8 |     6 |     3 ||    17
         Potion            |       |     2 |     1 ||     3
   Stab: Sleeping          |       |     1 |       ||     1
 Armour: Leather armour    |    69 |    86 |    64 ||   219
  Dodge: Dodged            |    69 |   111 |    79 ||   259

Table legend: (Time is in decaauts)
 A = Elapsed time spent in this place.
 B = Non-inter-level travel time spent in this place.
 C = Inter-level travel time spent in this place.
 D = Time resting spent in this place.
 E = Time spent auto-exploring this place.
 F = Levels seen in this place.
 G = Mean time per level.
                   A        B        C        D        E       F      G
               +--------+--------+--------+--------+--------+-----+--------+
         Total |   5937 |   5777 |    160 |   1138 |   3636 |   8 |  742.1 |
       Dungeon |   4706 |   4547 |    159 |    632 |   3117 |   6 |  784.3 |
        Temple |     12 |     12 |      0 |      0 |      0 |   1 |   12.0 |
         Sewer |   1218 |   1218 |      0 |    506 |    518 |   1 | 1218.0 |
               +--------+--------+--------+--------+--------+-----+--------+

Top non-repeatable levels by time:
     D:4: 1242 daAuts
   Sewer: 1218 daAuts
     D:1: 1117 daAuts
     D:3: 879 daAuts
     D:5: 728 daAuts
     D:2: 709 daAuts
     D:7: 29 daAuts
  Temple: 12 daAuts
